IL
OMAHA STORM CHASERS @ NORFOLK TIDES
08/15/2047
 
TOP OF THE 1ST
Omaha Storm Chasers batting - Pitching for Norfolk Tides : RHP Cody Calderon
Pitching: RHP Cody Calderon
Batting: LHB Jim Pankratz 0-0: Called Strike
0-1: Foul Ball, location: 2F
0-2: Ground out 6-3 (Groundball, 6, EV 91.2 MPH)
Batting: LHB Robby Diaz 0-0: Ball
1-0: Ball
2-0: Called Strike
2-1: Foul Ball, location: 2F
2-2: Ball
3-2: Foul Ball, location: 2F
3-2: Foul Ball, location: 2F
3-2: Strikes out swinging
Batting: LHB Manny Estrada 0-0: Ball
1-0: Foul Ball, location: 2F
1-1: Ball
2-1: Ball
3-1: DOUBLE (Line Drive, 89D, EV 103.1 MPH)
Batting: RHB Jerry Escamilla 0-0: Called Strike
0-1: Ball
1-1: Called Strike
1-2: Ball
2-2: Strikes out swinging
Top of the 1st over - 0 runs, 1 hit, 0 errors, 1 left on base; Omaha 0 - Norfolk 0
BOTTOM OF THE 1ST
Norfolk Tides batting - Pitching for Omaha Storm Chasers : RHP Ken Hall
Pitching: RHP Ken Hall
Batting: RHB Bobby Melillo 0-0: Ball
1-0: Ground out 5-3 (Groundball, 5S, EV 83.8 MPH)
Batting: LHB Brian Feher 0-0: Foul Ball, location: 2F
0-1: Swinging Strike
0-2: Foul Ball, location: 2F
0-2: SINGLE (Line Drive, 78M, EV 93.1 MPH)
Batting: LHB Bob Melley 0-0: Ball
1-0: Ball
2-0: Ball
3-0: Base on Balls
Brian Feher to second
Batting: RHB Bobby Scholl 0-0: Ball
1-0: Foul Ball, location: 2F
1-1: Swinging Strike
1-2: DOUBLE (Groundball, 5L, EV 101.2 MPH)
Brian Feher scores
Bob Melley to third
Runner from 3rd tries for Home, SAFE, throw by LF to home
Batting: LHB Tyler Allen 0-0: Called Strike
0-1: Called Strike
0-2: Ball
1-2: Strikes out swinging, 2-3 out at first.
Batting: LHB Pat Shaddock 0-0: Called Strike
0-1: Ball
1-1: Ball
2-1: Called Strike
2-2: Foul Ball, location: 2F
2-2: Foul Ball, location: 2F
2-2: Strikes out swinging
Bottom of the 1st over - 2 runs, 2 hits, 0 errors, 1 left on base; Omaha 0 - Norfolk 2
TOP OF THE 2ND
Omaha Storm Chasers batting - Pitching for Norfolk Tides : RHP Cody Calderon
Batting: RHB Eric Sandell 0-0: Ball
1-0: Foul Ball, location: 2F
1-1: Swinging Strike
1-2: Ball
2-2: Strikes out swinging
Batting: SHB Ryoji Hiraoka 0-0: Ball
1-0: Ball
2-0: Swinging Strike
2-1: Foul Ball, location: 2F
2-2: Foul Ball, location: 2F
2-2: Ground out 4-3 (Groundball, 4, EV 78.8 MPH)
Batting: RHB Yuichi Takata 0-0: Called Strike
0-1: Foul Ball, location: 2F
0-2: Ground out U3 (Groundball, 34, EV 89.4 MPH)
Top of the 2nd over - 0 runs, 0 hits, 0 errors, 0 left on base; Omaha 0 - Norfolk 2
BOTTOM OF THE 2ND
Norfolk Tides batting - Pitching for Omaha Storm Chasers : RHP Ken Hall
Batting: LHB Andrew Erens 0-0: Ball
1-0: Swinging Strike
1-1: Foul Ball, location: 2F
1-2: Ground out 4-3 (Groundball, P, EV 89.4 MPH)
Batting: LHB Jose Fierro 0-0: Called Strike
0-1: Swinging Strike
0-2: Ball
1-2: Strikes out swinging
Batting: RHB Adam Swimmer 0-0: Ball
1-0: Foul Ball, location: 2F
1-1: Ball
2-1: Ball
3-1: Called Strike
3-2: SINGLE (Groundball, 6D, EV 101.9 MPH)
Batting: RHB Bobby Melillo 0-0: Foul Ball, location: 2F
0-1: Swinging Strike
0-2: Strikes out swinging
Bottom of the 2nd over - 0 runs, 1 hit, 0 errors, 1 left on base; Omaha 0 - Norfolk 2
TOP OF THE 3RD
Omaha Storm Chasers batting - Pitching for Norfolk Tides : RHP Cody Calderon
Batting: RHB Aaron Matthews 0-0: Ball
1-0: Ball
2-0: Foul Ball, location: 2F
2-1: Called Strike
2-2: Ground out 1-3 (Groundball, 13S, EV 66.2 MPH)
Batting: LHB Chris Eaker 0-0: Foul Ball, location: 2F
0-1: Ball
1-1: Foul Ball, location: 2F
1-2: Foul Ball, location: 2F
1-2: Ball
2-2: Foul Ball, location: 2F
2-2: SINGLE (Groundball, 4D, EV 99.4 MPH)
Batting: LHB Jim Pankratz 0-0: Ball
Chris Eaker steals 2nd base
1-0: Ball
2-0: Called Strike
2-1: Ball
3-1: Swinging Strike
3-2: Foul Ball, location: 2F
3-2: Base on Balls
Batting: LHB Robby Diaz 0-0: Ball
1-0: Foul Ball, location: 2F
1-1: Ball
2-1: Foul Ball, location: 2F
2-2: Ball
3-2: Base on Balls
Chris Eaker to third
Jim Pankratz to second
Batting: LHB Manny Estrada 0-0: Swinging Strike
0-1: Grounds into double play, 6-4-3 (Groundball, 6M, EV 110.0 MPH)
Top of the 3rd over - 0 runs, 1 hit, 0 errors, 2 left on base; Omaha 0 - Norfolk 2
BOTTOM OF THE 3RD
Norfolk Tides batting - Pitching for Omaha Storm Chasers : RHP Ken Hall
Batting: LHB Brian Feher 0-0: Called Strike
0-1: Hit by Pitch
Batting: LHB Bob Melley 0-0: Ball
1-0: Foul Ball, location: 2F
1-1: Foul Ball, location: 2F
1-2: Ball
2-2: Ball
3-2: Ground out 5-3 (Groundball, 6, EV 96.2 MPH)
Brian Feher to second
Batting: RHB Bobby Scholl 0-0: Called Strike
0-1: Ball
1-1: Ground out 6-3 (Groundball, 56, EV 105.6 MPH)
Batting: LHB Tyler Allen 0-0: Ball
1-0: Ball
2-0: Ball
3-0: Base on Balls
Batting: LHB Pat Shaddock 0-0: Foul Ball, location: 2F
0-1: Ball
1-1: Foul Ball, location: 2F
1-2: Ball
2-2: Hit by Pitch
Brian Feher to third
Tyler Allen to second
Batting: LHB Andrew Erens 0-0: Swinging Strike
0-1: Ground out 4-3 (Groundball, 13, EV 84.4 MPH)
Bottom of the 3rd over - 0 runs, 0 hits, 0 errors, 3 left on base; Omaha 0 - Norfolk 2
TOP OF THE 4TH
Omaha Storm Chasers batting - Pitching for Norfolk Tides : RHP Cody Calderon
Batting: RHB Jerry Escamilla 0-0: Called Strike
0-1: Ball
1-1: Ball
2-1: Foul Ball, location: 2F
2-2: Ball
3-2: Foul Ball, location: 2F
3-2: Base on Balls
Batting: RHB Eric Sandell 0-0: Called Strike
0-1: Ball
1-1: Reached on error, E5 (Groundball, 56, EV 102.5 MPH)
Jerry Escamilla to third
Batting: SHB Ryoji Hiraoka 0-0: Called Strike
0-1: Ball
1-1: Ball
2-1: Foul Ball, location: 2F
2-2: Foul Ball, location: 2F
2-2: Ball
3-2: Ground out 4-3 (Groundball, 4, EV 100.0 MPH)
Jerry Escamilla scores
Eric Sandell to third
Batting: RHB Yuichi Takata 0-0: Foul Ball, location: 2F
0-1: Foul Ball, location: 2F
0-2: Ball
1-2: Ball
2-2: Ground out 5-3 (Groundball, 56S, EV 83.8 MPH)
Batting: RHB Aaron Matthews 0-0: Called Strike
0-1: Swinging Strike
0-2: Ball
1-2: Foul Ball, location: 2F
1-2: Ball
2-2: Ball
3-2: Strikes out looking
Top of the 4th over - 1 run, 0 hits, 1 error, 1 left on base; Omaha 1 - Norfolk 2
BOTTOM OF THE 4TH
Norfolk Tides batting - Pitching for Omaha Storm Chasers : RHP Ken Hall
Batting: LHB Jose Fierro 0-0: Ball
1-0: Foul Ball, location: 2F
1-1: Ground out 4-3 (Groundball, 4, EV 92.5 MPH)
Batting: RHB Adam Swimmer 0-0: Ball
1-0: Swinging Strike
1-1: Ball
2-1: Swinging Strike
2-2: SINGLE (Groundball, 56D, EV 98.8 MPH)
Batting: RHB Bobby Melillo 0-0: Called Strike
0-1: Ground out 4-3 (Groundball, 4S, EV 65.0 MPH)
Adam Swimmer to second
Batting: LHB Brian Feher 0-0: Swinging Strike
0-1: Swinging Strike
0-2: Ball
1-2: Strikes out looking
Bottom of the 4th over - 0 runs, 1 hit, 0 errors, 1 left on base; Omaha 1 - Norfolk 2
TOP OF THE 5TH
Omaha Storm Chasers batting - Pitching for Norfolk Tides : RHP Cody Calderon
Batting: LHB Chris Eaker 0-0: Called Strike
0-1: Swinging Strike
0-2: Strikes out swinging
Batting: LHB Jim Pankratz 0-0: Called Strike
0-1: Called Strike
0-2: Ball
1-2: Ball
2-2: Fly out, F7 (Flyball, 7, EV 95.0 MPH)
Batting: LHB Robby Diaz 0-0: Called Strike
0-1: Swinging Strike
0-2: Strikes out swinging
Top of the 5th over - 0 runs, 0 hits, 0 errors, 0 left on base; Omaha 1 - Norfolk 2
BOTTOM OF THE 5TH
Norfolk Tides batting - Pitching for Omaha Storm Chasers : RHP Ken Hall
Batting: LHB Bob Melley 0-0: Ball
1-0: Ball
2-0: Ball
3-0: Called Strike
3-1: Called Strike
3-2: Base on Balls
Batting: RHB Bobby Scholl 0-0: Ball
1-0: Ball
2-0: Grounds into double play, 4-6-3 (Groundball, 4, EV 101.9 MPH)
Batting: LHB Tyler Allen 0-0: Called Strike
0-1: Ground out 6-3 (Groundball, 6, EV 102.5 MPH)
Bottom of the 5th over - 0 runs, 0 hits, 0 errors, 0 left on base; Omaha 1 - Norfolk 2
TOP OF THE 6TH
Omaha Storm Chasers batting - Pitching for Norfolk Tides : RHP Cody Calderon
Pitching: RHP Mike LaMonica
Batting: LHB Manny Estrada 0-0: Swinging Strike
0-1: Ball
1-1: Foul Ball, location: 2F
1-2: Ball
2-2: Strikes out swinging
Batting: RHB Jerry Escamilla 0-0: Ball
1-0: Ball
2-0: Ball
3-0: Called Strike
3-1: Base on Balls
Batting: RHB Eric Sandell 0-0: Foul Ball, location: 2F
0-1: Swinging Strike
0-2: Strikes out swinging
Batting: SHB Ryoji Hiraoka 0-0: Ball
1-0: Ball
Jerry Escamilla steals 2nd base
2-0: Swinging Strike
2-1: Called Strike
2-2: Ball
3-2: Ground out U3 (Groundball, 3L, EV 80.0 MPH)
Top of the 6th over - 0 runs, 0 hits, 0 errors, 1 left on base; Omaha 1 - Norfolk 2
BOTTOM OF THE 6TH
Norfolk Tides batting - Pitching for Omaha Storm Chasers : RHP Ken Hall
Batting: LHB Pat Shaddock 0-0: Swinging Strike
0-1: Ball
1-1: Swinging Strike
1-2: Strikes out swinging
Pitching: RHP Adam Sullivan
Batting: LHB Andrew Erens 0-0: Ground out 5-3 (Groundball, 56, EV 78.1 MPH)
Batting: LHB Jose Fierro 0-0: Ball
1-0: Foul Ball, location: 2F
1-1: SINGLE (Groundball, 56D, EV 96.9 MPH)
Batting: RHB Adam Swimmer 0-0: Called Strike
0-1: Ball
1-1: Foul Ball, location: 2F
1-2: Ball
2-2: Foul Ball, location: 2F
2-2: Ball
3-2: Ground out 6-3 (Groundball, 6M, EV 76.9 MPH)
Bottom of the 6th over - 0 runs, 1 hit, 0 errors, 1 left on base; Omaha 1 - Norfolk 2
TOP OF THE 7TH
Omaha Storm Chasers batting - Pitching for Norfolk Tides : RHP Mike LaMonica
Batting: RHB Yuichi Takata 0-0: Ball
1-0: Ball
2-0: Called Strike
2-1: Ball
3-1: Base on Balls
Batting: RHB Aaron Matthews 0-0: Sac Bunt to 23 - play at first, batter OUT! 3-4
Yuichi Takata to second
Batting: LHB Chris Eaker 0-0: Called Strike
0-1: Swinging Strike
0-2: Strikes out looking
Batting: LHB Jim Pankratz 0-0: Swinging Strike
0-1: Ball
1-1: Foul Ball, location: 2F
1-2: Fly out, F7 (Flyball, 7LM, EV 87.5 MPH)
Top of the 7th over - 0 runs, 0 hits, 0 errors, 1 left on base; Omaha 1 - Norfolk 2
BOTTOM OF THE 7TH
Norfolk Tides batting - Pitching for Omaha Storm Chasers : RHP Adam Sullivan
Batting: RHB Bobby Melillo 0-0: Foul Ball, location: 2F
0-1: SINGLE (Groundball, 4MS, EV 71.2 MPH) (infield hit)
Batting: LHB Brian Feher 0-0: SINGLE (Groundball, 3D, EV 103.1 MPH)
Bobby Melillo to second
Runner from 2nd tries for 3rd, SAFE, throw by RF made to third
Batting: LHB Bob Melley 0-0: Ground out 5-3 (Groundball, 6, EV 86.2 MPH)
Brian Feher to second
Batting: RHB Bobby Scholl 0-0: Called Strike
0-1: SINGLE (Line Drive, 5L, EV 94.4 MPH)
Bobby Melillo scores
Brian Feher to third
Runner from 3rd tries for Home, SAFE, throw by LF to home
Batting: LHB Tyler Allen 0-0: Called Strike
0-1: Fielders Choice at 2nd, 1-4 (Groundball, 15, EV 73.8 MPH)
Batting: LHB Pat Shaddock 0-0: Foul Ball, location: 2F
0-1: Ball
1-1: SINGLE (Groundball, 34D, EV 97.5 MPH)
Tyler Allen to second
Runner from 2nd tries for 3rd, SAFE, throw by RF made to third
Batting: LHB Andrew Erens 0-0: Fly out, F9 (Flyball, 9D, EV 98.8 MPH)
Bottom of the 7th over - 2 runs, 4 hits, 0 errors, 2 left on base; Omaha 1 - Norfolk 4
TOP OF THE 8TH
Omaha Storm Chasers batting - Pitching for Norfolk Tides : RHP Mike LaMonica
Pitching: LHP Angel Vidaurri
Batting: LHB Robby Diaz 0-0: Ball
1-0: Ball
2-0: Called Strike
2-1: Foul Ball, location: 2F
2-2: Ball
3-2: Foul Ball, location: 2F
3-2: Base on Balls
Pinch Hitting: RHB Taisei Fujii 0-0: Ball
1-0: Swinging Strike
1-1: Foul Ball, location: 2F
1-2: Foul Ball, location: 2F
1-2: Grounds into double play, 6-4-3 (Groundball, 6, EV 105.6 MPH)
Batting: RHB Jerry Escamilla 0-0: Ball
1-0: Foul Ball, location: 2F
1-1: Ball
2-1: Ball
3-1: Base on Balls
Batting: RHB Eric Sandell 0-0: Ball
1-0: Ball
2-0: Ball
3-0: Base on Balls
Jerry Escamilla to second
Batting: SHB Ryoji Hiraoka 0-0: Foul Ball, location: 2F
0-1: Swinging Strike
0-2: SINGLE (Groundball, 5S, EV 71.2 MPH) (infield hit)
Jerry Escamilla to third
Eric Sandell to second
Pitching: RHP Brandon Tuckson
Pinch Hitting: LHB Danny Bailey 0-0: Swinging Strike
0-1: Called Strike
0-2: Ball
1-2: Foul Ball, location: 2F
1-2: Fly out, F4 (Popup, 34S, EV 83.8 MPH)
Top of the 8th over - 0 runs, 1 hit, 0 errors, 3 left on base; Omaha 1 - Norfolk 4
BOTTOM OF THE 8TH
Norfolk Tides batting - Pitching for Omaha Storm Chasers : RHP Adam Sullivan
Now at 1B: Jerry Escamilla
Now at 3B: Taisei Fujii
Now at SS: Ryoji Hiraoka
Now in CF: Danny Bailey
Now in RF: Robby Diaz
Batting: LHB Jose Fierro 0-0: Called Strike
0-1: Called Strike
0-2: Ball
1-2: Ball
2-2: Ball
3-2: Base on Balls
Batting: RHB Adam Swimmer 0-0: Called Strike
0-1: Bunt missed!
0-2: Foul Ball, location: 2F
0-2: Fly out, F9 (Flyball, 9, EV 92.5 MPH)
Batting: RHB Bobby Melillo 0-0: Fly out, F4 (Line Drive, 4M, EV 69.4 MPH)
Lined into DP, 4-3 (Line Drive, 4M, EV 63.8 MPH)
Bottom of the 8th over - 0 runs, 0 hits, 0 errors, 0 left on base; Omaha 1 - Norfolk 4
TOP OF THE 9TH
Omaha Storm Chasers batting - Pitching for Norfolk Tides : RHP Brandon Tuckson
Pitching: RHP Aaron Schneider
Batting: RHB Aaron Matthews 0-0: SINGLE (Flyball, 4D, EV 90.0 MPH)
Batting: LHB Chris Eaker
Batting: SHB Francisco Gutierrez 0-0: SINGLE (Line Drive, 6D, EV 105.6 MPH)
Aaron Matthews to second
Batting: LHB Jim Pankratz 0-0: SINGLE (Line Drive, 6D, EV 95.6 MPH)
Aaron Matthews to third
Francisco Gutierrez to second
Batting: LHB Robby Diaz 0-0: Called Strike
0-1: Foul Ball, location: 2F
0-2: Strikes out swinging
Batting: RHB Taisei Fujii 0-0: Called Strike
0-1: Fly out, F9 (Flyball, 9D, EV 97.5 MPH)
Runner from 3rd tags up, SCORES, no throw by RF
Francisco Gutierrez to third
Batting: RHB Jerry Escamilla 0-0: Ball
1-0: Ball
2-0: Fielders Choice at 2nd, U4 (Groundball, 4M, EV 106.2 MPH)
Top of the 9th over - 1 run, 3 hits, 0 errors, 2 left on base; Omaha 2 - Norfolk 4
Thursday, December 15th , 2022 - OOTP Baseball 23.9 Build 102